 Dungeon Crawl Stone Soup version 0.22.1-2-g9c5b331383 (webtiles) character file.

23440 Gargoyl the Schismatic (level 12, 0/102 HPs)
             Began as a Centaur Abyssal Knight on Dec 17, 2018.
             Was an Elder of Lugonu.
             Slain by a blink frog (11 damage)
             ... on level 3 of the Lair of Beasts.
             The game lasted 00:28:54 (19259 turns).

Gargoyl the Schismatic (Centaur Abyssal Knight)    Turns: 19259, Time: 00:28:55

Health: 0/102      AC: 16    Str: 20    XL:     12   Next: 71%
Magic:  20/20      EV:  5    Int: 15    God:    Lugonu [****..]
Gold:   844        SH:  0    Dex: 11    Spells: 11/11 levels left

rFire    + . .     SeeInvis .   y - +11 war axe of Dishonour {chop, *Contam +Inv Int+4}
rCold    . . .     Gourm    .   (no shield)
rNeg     . . .     Faith    .   e - +4 chain mail
rPois    .         Spirit   .   q - +2 hat
rElec    .         Reflect  .   (no cloak)
rCorr    .         Harm     .   g - +2 pair of gloves
MR       +....                  (no barding)
Stlth    ..........             (no amulet)
HPRegen  0.27/turn              j - ring of protection from fire
MPRegen  0.17/turn              (no ring)

@: extremely drained, very quick
A: large, hooves 3, deformed body, speed 2, magic resistance 1, mutation
resistance 1, strong 1, tough skin 3
a: Depart the Abyss, Bend Space, Banish, Corrupt, Renounce Religion, Evoke
Invisibility


You were on level 3 of the Lair of Beasts.
You worshipped Lugonu.
Lugonu was greatly pleased with you.
You were near starving.

You visited 2 branches of the dungeon, and saw 13 of its levels.
You visited the Abyss 1 time.

You collected 844 gold pieces.

Inventory:

Hand Weapons
 a - a +1 hand axe
 k - a +0 shortbow of velocity
 y - the +11 war axe of Dishonour (weapon) {chop, *Contam +Inv Int+4}
   (You found it on level 9 of the Dungeon)

   It inflicts extra damage upon your enemies.
   It affects your intelligence (+4).
   It lets you turn invisible.
   It causes magical contamination when unequipped.
 B - a cursed +3 war axe
Missiles
 p - 120 arrows
 u - 5 tomahawks (quivered)
Armour
 e - a +4 chain mail (worn)
 g - a +2 pair of gloves (worn)
 q - a +2 hat (worn)
Jewellery
 h - an uncursed ring of flight
 j - a ring of protection from fire (left hand)
Wands
 b - a wand of disintegration (6)
 i - a wand of clouds (3)
 w - a wand of flame (18)
 z - a wand of polymorph (6)
 A - a wand of enslavement (17)
 D - a wand of iceblast (4)
Scrolls
 f - 2 scrolls of identify
 n - 2 scrolls of fog
 o - 12 scrolls of remove curse
 r - a scroll of blinking
 s - a scroll of fear
 C - 5 scrolls of teleportation
 E - a scroll of amnesia
Potions
 d - a potion of brilliance
 l - 3 potions of cancellation
 m - a potion of mutation
 t - 2 potions of might
 v - 2 potions of lignification
 x - 6 potions of curing
Comestibles
 c - 33 rations


   Skills:
 + Level 8.2(0.0) Fighting
 + Level 9.8(0.5) Axes
   Level 4.5(0.0) Maces & Flails
 + Level 0.1(0.0) Bows
 + Level 3.9(0.0) Throwing
 * Level 9.7(0.1) Armour
 + Level 3.7(0.0) Dodging
 * Level 10.9(1.0) Invocations
 + Level 3.2(0.0) Evocations


You had 11 spell levels left.
You didn't know any spells.
Your spell library contained the following spells:

 Spells                   Type           Power        Failure   Level  Hunger
 Animate Skeleton         Necr           N/A          98%         1    ##.....
 Corona                   Hex            #......      98%         1    ##.....
 Flame Tongue             Conj/Fire      #....        98%         1    ##.....
 Infusion                 Chrm           #...         98%         1    ##.....
 Pain                     Necr           #...         98%         1    ##.....
 Ensorcelled Hibernation  Hex/Ice        #.....       99%         2    ###....
 Shroud of Golubria       Chrm/Tloc      #.........   99%         2    ###....
 Slow                     Hex            #.......     99%         2    ###....
 Song of Slaying          Chrm           #.......     99%         2    ###....
 Throw Flame              Conj/Fire      #.....       99%         2    ###....
 Confuse                  Hex            #.......     100%        3    ####...
 Conjure Flame            Conj/Fire      #.......     100%        3    ####...
 Dazzling Spray           Conj/Hex       #.....       100%        3    ####...
 Inner Flame              Hex/Fire       #.......     100%        3    ####...
 Portal Projectile        Hex/Tloc       #.....       100%        3    ####...
 Regeneration             Chrm/Necr      #.........   100%        3    ####...
 Spectral Weapon          Hex/Chrm       #.......     100%        3    ####...
 Tukima's Dance           Hex            #.......     100%        3    ####...
 Vampiric Draining        Necr           #.........   100%        3    ####...
 Animate Dead             Necr           N/A          100%        4    #####..
 Cause Fear               Hex            #.........   100%        4    #####..
 Leda's Liquefaction      Hex/Erth       #.........   100%        4    #####..
 Sticky Flame             Conj/Fire      #.......     100%        4    #####..
 Fireball                 Conj/Fire      #.........   100%        5    ######.


Dungeon Overview and Level Annotations

Branches:
Dungeon (10/15)            Temple (0/1) D:7            Lair (3/6) D:10
 Spider (0/4) Lair:2
  Swamp: Lair:2-4    Shoals: Lair:2-4       Orc: D:9-12

Altars:
Ashenzari
Cheibriados
Dithmenos
Elyvilon
Hepliaklqana
Kikubaaqudgha
Qazlal
Ru
Vehumet
Wu Jian
Xom
Yredelemnul
Zin

Shops:
D:9 *

Portals:
Trove: D:10 (give 20 scrolls of identify)

Annotations:
Lair:3 Sonja


Innate Abilities, Weirdness & Mutations

You have hooves in place of feet.
Armour fits poorly on your strangely shaped body.
You cover ground very quickly.
You have extremely tough skin. (AC +3)
You are resistant to hostile enchantments. (MR+)
You are somewhat resistant to further mutation.
Your muscles are strong. (Str +2)


Message History

* * * LOW HITPOINT WARNING * * *
The blink frog hits you!
* * * LOW HITPOINT WARNING * * *
You feel better.
The blink frog blinks!
Press: ? - help, Shift-Dir - straight line, f/p - blink frog
Aim: a blink frog (heavily wounded, chance to defeat MR: 66%)
You fail to use your ability.
The blink frog blinks!
Press: ? - help, Shift-Dir - straight line, f/p - blink frog
Aim: a blink frog (heavily wounded, chance to defeat MR: 66%)
You fail to use your ability.
Press: ? - help, Shift-Dir - straight line, f/p - blink frog
Aim: a blink frog (heavily wounded, chance to defeat MR: 66%)
You fail to use your ability.
The blink frog blinks!
Press: ? - help, Shift-Dir - straight line, f/p - blink frog
Aim: a blink frog (heavily wounded, chance to defeat MR: 66%)
You fail to use your ability.
Press: ? - help, Shift-Dir - straight line, f/p - blink frog
Aim: a blink frog (heavily wounded, chance to defeat MR: 66%)
You fail to use your ability.
The blink frog hits you!
You die...

...P #..# #..# ###..##
#.....# ### ### ##
#.....####.#####P####P
#.....P#..............
##....F'..#...#######.#
#....†@####.### ##.
##....§P# ### ##
#...†..# ##.....##
#......### ###...P.P#
###......≈..#
##....≈≈≈≈≈ ....≈≈≈≈≈≈


You could see a blink frog.

Vanquished Creatures
  Harold (Lair:2)
  An unseen horror (D:10)
  3 elephants
  A centaur zombie (D:10)
  4 spiny frogs
  A rime drake (Lair:2)
  A komodo dragon (D:10)
  A polar bear (Lair:2)
  8 blink frogs
  5 hippogriffs
  3 redbacks (Lair:2)
  A spriggan (D:7)
  3 wyverns
  20 yaks
  A wraith (D:10)
  Sigmund (D:3)
  A hungry ghost (D:10)
  8 water moccasins
  An acid dragon (D:10)
  12 porcupines
  2 orc warriors
  3 sky beasts
  3 black bears (D:10)
  2 ice beasts
  2 necrophages
  6 ogres
  2 phantoms
  10 wolves
  7 centaurs
  5 crocodiles
  3 big kobolds
  5 bullfrogs
  A water moccasin zombie (D:10)
  3 scorpions
  10 killer bees
  14 wights
  3 electric eels (Lair:1)
  4 howler monkeys
  4 crimson imps
  A quasit (D:9)
  3 hounds
  2 centaur skeletons
  A gnoll shaman (D:8)
  6 orc priests
  Jessica (D:2)
  3 bullfrog skeletons
  2 iguanas
  Natasha (thrice) (D:2)
  Terence (D:2)
  7 orc wizards
  8 worker ants
  A hound zombie (D:9)
  3 hound skeletons
  13 gnolls
  10 adders
  3 shadow imps
  An ooze (D:4)
  An adder skeleton (D:4)
  An adder zombie (D:6)
  2 worms
  3 leopard geckos
  30 orcs
  11 bats
  7 giant cockroaches
  9 goblins
  10 hobgoblins
  9 jackals
  8 quokkas
  4 frilled lizards
  A jackal skeleton (D:6)
  A jackal zombie (D:7)
  40 kobolds
  2 leopard gecko zombies
  A quokka skeleton (D:7)
  A quokka zombie (D:6)
  3 rats
  A fungus (Lair:2)
  A plant (Lair:1)
381 creatures vanquished.

Vanquished Creatures (others)
  A hydra (Lair:2)
  A two-headed ogre (D:8)
  4 oklob plants (Lair:1)
  A black mamba (Lair:1)
  A hornet (D:8)
  An orc warrior (D:6)
  An orc priest (D:6)
  9 fungi (D:10)
  3 plants (Lair:1)
22 creatures vanquished.

Grand Total: 403 creatures vanquished

Notes
Turn   | Place    | Note
-------+----------+-------------------------------------------
     0 | Abyss:1  | Gargoyl the Centaur Abyssal Knight began the quest for the
                  | Orb.
     0 | Abyss:1  | Reached XP level 1. HP: 19/19 MP: 2/2
    17 | Abyss:1  | Found a corrupted altar of Lugonu.
    63 | Abyss:1  | Noticed a chaos spawn
    67 | Abyss:1  | Noticed a hellion
    71 | D:1      | Escaped the Abyss
   184 | D:1      | Reached * piety under Lugonu
   200 | D:1      | Reached XP level 2. HP: 22/26 MP: 3/3
   952 | D:2      | Reached XP level 3. HP: 31/31 MP: 4/4
  1026 | D:2      | Noticed Natasha
  1043 | D:2      | Killed Natasha
  1327 | D:2      | Reached XP level 4. HP: 37/39 MP: 5/5
  1335 | D:2      | Found a shimmering altar of Xom.
  1421 | D:2      | Noticed Terence
  1433 | D:2      | Killed Terence
  1480 | D:2      | Found a radiant altar of Vehumet.
  1502 | D:2      | Noticed Jessica
  1515 | D:2      | Killed Jessica
  1617 | D:2      | Noticed Natasha
  1629 | D:2      | Killed Natasha
  1629 | D:2      | Reached XP level 5. HP: 36/46 MP: 6/6
  1810 | D:2      | Noticed Natasha
  1817 | D:2      | Killed Natasha
  1819 | D:2      | Found an ancient bone altar of Kikubaaqudgha.
  1900 | D:2      | Found a stormy altar of Qazlal.
  1929 | D:2      | Found a hazy altar of Hepliaklqana.
  1966 | D:2      | Found a snail-covered altar of Cheibriados.
  2089 | D:3      | Noticed Sigmund
  2102 | D:3      | Reached ** piety under Lugonu
  2136 | D:3      | Killed Sigmund
  2136 | D:3      | Reached skill level 3 in Invocations
  2136 | D:3      | Reached XP level 6. HP: 24/52 MP: 8/8
  2558 | D:3      | Found a glowing silver altar of Zin.
  2663 | D:3      | Reached skill level 1 in Dodging
  3573 | D:5      | Entered Level 5 of the Dungeon
  3784 | D:6      | Noticed a sky beast
  3798 | D:6      | Killed a sky beast
  3798 | D:6      | Reached XP level 7. HP: 59/59 MP: 9/9
  4438 | D:5      | Reached skill level 5 in Axes
  4458 | D:5      | Reached skill level 4 in Invocations
  4857 | D:5      | Found a shadowy altar of Dithmenos.
  4875 | D:5      | Reached XP level 8. HP: 57/67 MP: 11/11
  5303 | D:6      | Reached *** piety under Lugonu
  5362 | D:6      | HP: 1/67 [orc warrior/battleaxe (17)]
  5372 | D:7      | Reached skill level 7 in Invocations
  5372 | D:7      | Reached XP level 9. HP: 9/75 MP: 10/14
  5377 | D:7      | HP: 2/75 [something (5)]
  5589 | D:7      | Found a white marble altar of Elyvilon.
  5908 | D:6      | Got a steaming flail
  5909 | D:6      | Identified the +2 flail of Hishruosch {holy, rF+ Str-3
                  | SInv} (You found it on level 6 of the Dungeon)
  7265 | D:7      | Reached **** piety under Lugonu
  7523 | D:7      | Found an ornate altar of the Wu Jian Council.
  7526 | D:7      | Found a basalt altar of Yredelemnul.
  7586 | D:7      | Found a staircase to the Ecumenical Temple.
  7723 | D:8      | Reached skill level 8 in Invocations
  7767 | D:8      | Gained mutation: Your muscles are strong. (Str +2) [potion
                  | of mutation]
  7767 | D:8      | Gained mutation: You are resistant to hostile enchantments.
                  | (MR+) [potion of mutation]
  7767 | D:8      | Gained mutation: You are somewhat resistant to further
                  | mutation. [potion of mutation]
  8320 | D:8      | Reached XP level 10. HP: 69/83 MP: 16/16
  8440 | D:8      | Found a sacrificial altar of Ru.
  8965 | D:8      | Noticed a two-headed ogre
  8969 | D:8      | Banished a two-headed ogre
  9511 | D:8      | Paralysed by a hornet for 3 turns
  9940 | D:8      | Found a shattered altar of Ashenzari.
 10243 | D:9      | Got a translucent war axe
 10244 | D:9      | Identified the +11 war axe of Dishonour {chop, *Contam +Inv
                  | Int+4} (You found it on level 9 of the Dungeon)
 10696 | D:9      | Found Pynix's General Store.
 11460 | D:10     | Entered Level 10 of the Dungeon
 11470 | D:10     | Reached skill level 9 in Invocations
 11507 | D:10     | Reached XP level 11. HP: 24/91 MP: 17/17
 12054 | D:10     | Found a staircase to the Lair.
 12146 | D:10     | Reached ***** piety under Lugonu
 12570 | D:10     | Found a white marble altar of Elyvilon.
 12738 | D:10     | Killed an unseen horror
 12753 | D:10     | Found a portal to a secret trove of treasure.
 13349 | Lair:1   | Entered Level 1 of the Lair of Beasts
 14202 | Lair:1   | Noticed an oklob plant
 14545 | Lair:1   | Noticed an oklob plant
 14545 | Lair:1   | Noticed an oklob plant
 14546 | Lair:1   | Banished an oklob plant
 14547 | Lair:1   | Noticed an oklob plant
 14550 | Lair:1   | Banished an oklob plant
 14660 | Lair:1   | Banished an oklob plant
 14815 | Lair:1   | Banished an oklob plant
 15010 | Lair:1   | Reached skill level 10 in Invocations
 15010 | Lair:1   | Reached XP level 12. HP: 79/100 MP: 19/19
 16472 | Lair:2   | Noticed a six-headed hydra
 16473 | Lair:2   | Banished a six-headed hydra
 16963 | Lair:2   | Found a hole to the Spider Nest.
 17002 | Lair:2   | Noticed Harold
 17022 | Lair:2   | Killed Harold
 18756 | Lair:3   | Noticed Sonja
 19253 | Lair:3   | HP: 2/102 [blink frog (8)]
 19259 | Lair:3   | Slain by a blink frog

Skill      XL: |  1  2  3  4  5  6  7  8  9 10 11 12 |
---------------+-------------------------------------+-----
Axes           | 2 3 4 5 6 7 9 |  9.8
Armour         | 2 3 4 6 7 8 9 |  9.7
Fighting       | 4 6 7 8 |  8.2
Invocations    | 3 4 7 8 9 10 | 10.9
Dodging        | 1 3 |  3.7
Maces & Flails | 3 4 |  4.5
Throwing       | 3 |  3.9
Evocations     | 3 |  3.2
Bows           | |  0.1

Action                   |  1- 3 |  4- 6 |  7- 9 | 10-12 || total
-------------------------+-------+-------+-------+-------++-------
Melee: Hand axe          |    86 |   205 |    41 |       ||   332
       Kick              |    13 |    42 |   100 |   137 ||   292
       Whip              |       |       |   416 |   174 ||   590
       War axe           |       |       |       |   410 ||   410
 Fire: Shortbow          |       |       |       |     3 ||     3
Throw: Tomahawk          |       |       |       |     8 ||     8
Invok: Depart the Abyss  |     1 |       |       |       ||     1
       Bend Space        |       |       |     1 |       ||     1
       Banish            |       |       |     2 |    15 ||    17
  Use: Scroll            |     8 |     5 |     7 |    13 ||    33
       Potion            |       |     1 |    11 |     3 ||    15
  Eat: Chunk             |       |     7 |    13 |    24 ||    44
       Ration            |       |       |     1 |     2 ||     3
Armor: Chain mail        |    84 |   152 |   349 |   473 ||  1058
Dodge: Dodged            |    14 |    40 |   133 |   217 ||   404
